AoeStats
← DungaChapado

Black Forest

508349579Analyzed
4v4 RM · 11d ago on Sep 22, 2026· 76m 42s· 8 players
Game mode
Random Map
Map size
Large (8 player)
Population
200
Speed
Normal
Resources
Standard
Victory
Conquest
Starting age
Dark Age
Ending age
Imperial Age
RankedLock teamsTeams togetherTeam positionsShared explorationLock speedFull tech treeHidden civsTurbo modeCheats
Victory
Defeat
🇧🇷 Bohemians · Brazil
1104
+13
🇧🇷 Romans · Brazil
1074
+14
🇧🇷 Britons · Brazil
1069
+14
🇧🇷 Teutons · Brazil
1067
+14
🇦🇷 Saracens · Argentina
1080
-16
🇨🇱 Italians · Chile
1042
-14
🇦🇷 Britons · Argentina
1002
-13
🇨🇴 Gurjaras · Colombia
978
-12
Locomaxi
0:31 Loom
13:59 Feudal Age
19:45 Double-Bit Axe
22:24 Castle Age
26:36 Imperial Age
24:52 Gold Mining
24:48 Horse Collar
25:20 Bow Saw
25:58 Padded Archer Armor
27:58 Wheelbarrow
28:45 Chemistry
29:45 Town Watch
30:25 Leather Archer Armor
32:09 Fortified Wall
34:16 Elite Skirmisher
34:51 Fletching
35:32 Ring Archer Armor
36:02 Thumb Ring
36:56 Ballistics
38:20 Bodkin Arrow
45:16 Conscription
45:13 Bracer
48:37 Hand Cart
52:27 Hand Cart
55:03 Elite Genoese Crossbowman
58:08 Bracer
63:57 Caravan
luismjchan
0:29 Loom
12:23 Feudal Age
14:13 Double-Bit Axe
20:43 Castle Age
18:52 Horse Collar
21:49 Bow Saw
25:14 Gold Mining
27:22 Wheelbarrow
28:32 Town Watch
29:11 Heavy Plow
32:34 Imperial Age
30:39 Caravan
32:52 Thumb Ring
34:04 Gold Shaft Mining
34:21 Hand Cart
35:04 Ballistics
35:44 Chemistry
34:56 Masonry
34:44 Fletching
34:55 Padded Archer Armor
34:23 Elite Elephant Archer
36:07 Fishing Lines
37:36 Bodkin Arrow
38:00 Leather Archer Armor
37:45 Scale Mail Armor
37:56 Forging
39:57 Bracer
41:57 Husbandry
42:08 Bloodlines
44:58 Conscription
46:15 Iron Casting
45:48 Scale Barding Armor
46:15 Frontier Guards
46:59 Gillnets
50:12 Elite Skirmisher
70:38 Heavy Camel Rider
71:37 Elite Shrivamsha Rider
75:29 Light Cavalry
Eljetty22
0:33 Loom
13:34 Feudal Age
18:39 Castle Age
18:06 Fletching
18:41 Fishing Lines
18:59 Gold Mining
25:49 Horse Collar
26:06 Double-Bit Axe
27:05 Wheelbarrow
27:52 Yeomen
29:47 Gillnets
31:05 Bow Saw
32:16 Hand Cart
32:45 Bodkin Arrow
35:59 Imperial Age
34:25 Ballistics
34:16 Fortified Wall
35:31 Gold Shaft Mining
35:31 Pikeman
36:12 Squires
38:03 Chemistry
37:14 Bracer
37:15 Padded Archer Armor
36:59 Halberdier
37:26 Arson
38:10 Forging
38:00 Scale Mail Armor
39:16 Two-Man Saw
38:15 Town Watch
38:35 Warwolf
39:09 Conscription
39:19 Elite Longbowman
41:56 Town Patrol
45:56 Crossbowman
48:55 Arbalester
52:40 Heavy Scorpion
57:11 Iron Casting
56:51 Chain Mail Armor
56:51 Leather Archer Armor
59:33 Blast Furnace
60:49 Plate Mail Armor
60:37 Leather Archer Armor
63:51 Elite Skirmisher
70:03 Capped Ram
74:41 Scale Barding Armor
75:26 Ring Archer Armor
74:58 Light Cavalry
75:39 Husbandry
LadenStone72050
0:29 Loom
14:33 Feudal Age
16:39 Double-Bit Axe
20:27 Wheelbarrow
23:22 Castle Age
21:35 Fishing Lines
22:44 Stone Mining
23:34 Gold Mining
25:06 Gold Shaft Mining
24:48 Hand Cart
24:53 Redemption
25:10 Fervor
26:41 Bow Saw
27:05 Gillnets
32:27 Imperial Age
32:51 Forging
32:46 Scale Barding Armor
34:18 Iron Casting
33:38 Horse Collar
36:42 Blast Furnace
36:03 Chain Barding Armor
37:00 Chemistry
36:10 Siege Engineers
36:38 Elite Mameluke
37:09 Town Watch
38:08 Conscription
38:40 Masonry
38:11 Treadmill Crane
39:35 Two-Man Saw
39:01 Husbandry
40:14 Sanctity
40:39 Light Cavalry
41:29 Bloodlines
42:10 Plate Barding Armor
41:59 Heavy Camel Rider
48:18 Hussar
63:54 Caravan
65:29 Counterweights
Longshanks
6:22 Loom
11:19 Feudal Age
14:47 Castle Age
13:09 Double-Bit Axe
13:28 Horse Collar
20:14 Bow Saw
20:47 Heavy Plow
22:48 Wheelbarrow
24:04 Hand Cart
27:16 Imperial Age
24:54 Gold Mining
24:54 Stone Mining
25:58 Town Watch
26:26 Forging
26:21 Scale Barding Armor
26:56 Stone Shaft Mining
27:44 Iron Casting
28:09 Town Patrol
28:31 Chain Barding Armor
29:14 Two-Man Saw
27:40 Cavalier
28:30 Bloodlines
30:39 Blast Furnace
29:47 Paladin
32:38 Plate Barding Armor
37:29 Chemistry
36:50 Ballistics
36:37 Siege Engineers
37:01 Caravan
37:31 Coinage
37:11 Guilds
36:55 Fletching
37:29 Conscription
37:14 Capped Ram
37:52 Arrowslits
38:18 Masonry
38:05 Bodkin Arrow
39:58 Banking
39:38 Guilds
44:23 Crenellations
46:17 Hoardings
Caesar Galinacius
3:20 Loom
13:45 Feudal Age
19:25 Castle Age
17:41 Town Watch
17:56 Double-Bit Axe
19:04 Horse Collar
19:55 Town Watch
21:22 Bow Saw
25:04 Wheelbarrow
30:24 Fervor
34:38 Imperial Age
32:30 Hand Cart
32:48 Heavy Plow
33:28 Fortified Wall
33:36 Forging
34:32 Chemistry
33:14 Treadmill Crane
34:30 Town Patrol
34:55 Masonry
34:41 Murder Holes
36:11 Ballistics
35:46 Elite Skirmisher
38:11 Two-Man Saw
38:25 Houfnice
41:41 Crossbowman
43:01 Conscription
43:44 Padded Archer Armor
43:34 Fletching
44:20 Iron Casting
43:45 Scale Mail Armor
43:10 Elite Hussite Wagon
43:41 Pikeman
44:22 Squires
44:07 Arson
43:43 Man-at-Arms
47:20 Leather Archer Armor
47:01 Bodkin Arrow
47:22 Chain Mail Armor
48:19 Long Swordsman
48:20 Halberdier
51:26 Two-Handed Swordsman
57:02 Caravan
62:07 Blast Furnace
61:08 Bracer
61:38 Ring Archer Armor
61:38 Plate Mail Armor
61:15 Scale Barding Armor
66:51 Arbalester
69:46 Ring Archer Armor
69:37 Chain Barding Armor
69:51 Sanctity
69:08 Champion
70:55 Husbandry
70:17 Light Cavalry
70:20 Cavalier
74:08 Architecture
73:59 Bombard Tower
73:45 Siege Engineers
Fiaboi_
10:51 Feudal Age
15:09 Castle Age
17:05 Double-Bit Axe
18:48 Horse Collar
28:22 Imperial Age
26:14 Fletching
26:25 Padded Archer Armor
27:01 Bodkin Arrow
28:19 Wheelbarrow
27:56 Bow Saw
27:48 Heavy Plow
28:06 Leather Archer Armor
29:29 Conscription
29:23 Bracer
29:53 Ring Archer Armor
31:01 Ring Archer Armor
30:58 Town Watch
31:29 Hand Cart
33:07 Elite Longbowman
36:27 Chemistry
35:50 Ballistics
35:38 Siege Engineers
36:16 Treadmill Crane
37:38 Two-Man Saw
36:30 Gold Mining
36:30 Stone Mining
37:24 Yeomen
37:51 Warwolf
39:07 Gold Shaft Mining
40:23 Masonry
40:24 Fortified Wall
44:36 Architecture
52:40 Forging
52:35 Scale Barding Armor
52:56 Scale Mail Armor
53:26 Pikeman
54:06 Squires
53:52 Gambesons
53:52 Arson
55:32 Halberdier
57:53 Chain Barding Armor
57:50 Chain Mail Armor
58:10 Iron Casting
64:56 Plate Mail Armor
65:27 Blast Furnace
64:53 Caravan
66:47 Onager
DungaChapado
1:19 Loom
16:23 Feudal Age
19:14 Fletching
23:17 Man-at-Arms
27:24 Castle Age
27:21 Horse Collar
28:40 Double-Bit Axe
32:51 Bodkin Arrow
34:05 Heavy Plow
38:43 Long Swordsman
44:19 Wheelbarrow
46:38 Hand Cart
63:37 Caravan
66:24 Gold Mining
69:20 Imperial Age
71:33 Capped Ram
73:28 Heavy Scorpion
Connection lost

Rejoining the realm…

Still unreachable

The connection could not be restored.

Session expired

The server has moved on; the page needs a fresh start.